[Event "*** Titled Tuesday Blitz"]
[Site "Chess.com"]
[Date "2021.04.06"]
[Round "10"]
[White "Byniolus"]
[Black "Artem_Sadovsky"]
[Result "0-1"]
[WhiteElo "2853"]
[BlackElo "2656"]
[TimeControl "180+1"]
[EndTime "11:57:50 PDT"]
[Termination "Artem_Sadovsky won on time"]

1. d4 g6 2. Nf3 Bg7 3. Bf4 d6 4. e3 c5 5. c3 Nd7 6. h3 Ngf6 7. Nbd2 O-O 8. Be2 b6 9. O-O Bb7 10. a4 Qc7 11. Bh2 a6 12. Qb3 Rac8 13. Rfe1 Qb8 14. Bd3 Qa8 15. e4 cxd4 16. cxd4 e5 17. Qa3 Rfe8 18. d5 Bf8 19. b4 Rc7 20. Rec1 Rec8 21. g4 a5 22. Rxc7 Rxc7 23. Bb5 Qc8 24.
bxa5 bxa5 25. Rb1 Rc3 26. Qa1 Rxf3 27. Nxf3 Nc5 28. Rc1 Nfxe4 29. Qb1 Bxd5 30. Qc2 Qe6 31. Ne1 Bb3 32. Qe2 Ng5 33. h4 Nge4 34. f3 Nf6 35.
Nd3 Nxa4 36. Rb1 Nc3 37. Qb2 Nxb1 38. Qxb1 Nxg4 39. fxg4 Qxg4+ 40. Kf2 Qxh4+ 41. Bg3 Qd4+ 42. Ke2 Be6 43. Qb2 Bg4+ 44. Kd2 Qxb2+ 45. Nxb2 f5 46. Nc4 f4 47. Bh4 Be6 48. Nxa5 h6 49. Bd8 g5 50. Nc6 g4 51. Ke2 Kf7 52. Bh4 Kg6 53. Nd8 Bd5 54. Be8+ Kf5 55. Bd7+ Ke4 56. Bxg4 Bc4+ 57.
Kf2 d5 58. Nf7 Bc5+ 59. Kg2 Bd4 60. Nxh6 Kd3 61. Bf5+ e4 62. Ng4 f3+ 63. Kg3 Ke2 64.
Bg5 f2 65. Nh2 f1=Q 66. Nxf1 Kxf1 67. Kf4 Bd3 68. Be6 e3 69. Bxd5 e2 70. Bh4 Bf2 71. Bxf2 Kxf2 0-1

[Event "*** Titled Tuesday Blitz"]
[Site "Chess.com"]
[Date "2021.04.06"]
[Round "10"]
[White "Mihnea2017"]
[Black "TosicSrecko"]
[Result "1/2-1/2"]
[WhiteElo "2442"]
[BlackElo "2328"]
[TimeControl "180+1"]
[EndTime "11:57:51 PDT"]
[Termination "Game drawn - timeout vs insufficient material"]

1. e4 e6 2. d4 d5 3. Nd2 Nf6 4.
e5 Nfd7 5. Bd3 c5 6. c3 Nc6 7. Ne2 cxd4 8. cxd4 f6 9. exf6 Qxf6 10. Nf3 h6 11. O-O Bd6 12. Ng3 O-O 13. a3 Rd8 14.
Bc2 Nf8 15. Qd3 Bd7 16. Re1 Be8 17. Qe3 Rac8 18. Ne5 Nxd4 19. Qxd4 Rxc2 20. Nf3 Bc5 21. Qxf6 Bxf2+ 22. Kf1 gxf6 23. Re2 Rxe2 24. Nxe2 Bb6 25.
Bxh6 Ng6 26. Rc1 e5 27. h4 Bb5 28. h5 Ne7 29. Nh4 Kf7 30. Bd2 d4 31. Ke1 e4 32.
Ng3 e3 33. Bb4 d3 34. Rd1 Nd5 35. Nf3 Nxb4 36. axb4 d2+ 37. Nxd2 exd2+ 38. Rxd2 Rxd2 39. Kxd2 Bc6 40. Nf5 Bxg2 41. h6 Kg8 42. Kd3 Kh7 43.
b5 Bf1+ 44. Ke4 Bxb5 45. Nd6 Bc6+ 46. Kf5 Kxh6 47. Kxf6 Kh5 48. Kf5 Kh4 49. Nc4 Bc7 50.
Ne3 Kg3 51. Nc2 Kf2 52. Ke6 Bb6 53. Kd6 Ke2 54. Nb4 Bg2 55. Ke5 Kd2 56. Kd6 Kc1 57.
Nd3+ Kc2 58. Ne1+ Kxb2 59. Nxg2 a5 60. Ne1 a4 61. Nd3+ Kc3 62. Nc1 a3 63. Kd5 Bd8 64. Ne2+ Kb2 65. Kc4 Bf6 66. Nc1 Kxc1 67. Kb3 Bb2 68.
Ka2 Kd2 69. Kb3 b6 70. Ka2 Kc3 71. Kb1 b5 72. Ka2 b4 73. Kb1 1/2-1/2

[Event "*** Titled Tuesday Blitz"]
[Site "Chess.com"]
[Date "2021.04.06"]
[Round "10"]
[White "Blitzking642"]
[Black "Cuajada_Zero"]
[Result "1-0"]
[WhiteElo "2443"]
[BlackElo "2312"]
[TimeControl "180+1"]
[EndTime "11:57:51 PDT"]
[Termination "Blitzking642 won on time"]

1. e4 c6 2. c4 d5 3. cxd5 cxd5 4. exd5 Nf6 5. Qa4+ Nbd7 6. Nc3 g6 7. Bc4 Bg7 8.
d3 O-O 9. Nf3 b6 10. O-O Bb7 11. Re1 Nc5 12. Qc2 Nxd5 13. Bg5 Ne6 14. Nxd5 Bxd5 15.
Bxe7 Qxe7 16. Bxd5 Rac8 17. Qb3 Qf6 18. Bxe6 fxe6 19.
d4 Rfe8 20. Re2 Rc6 21. Rae1 Rd6 22. d5 Kh8 23. dxe6 h6 24. h3 Re7 25. Qc4 Kh7 26. b4 a5 27. bxa5 bxa5 28. a4 Rb6 29. Qc5 Rbxe6 30. Rxe6 Rxe6 31. Rxe6 Qxe6 32. Qxa5 Qa2 33. Qb5 Qa1+ 34. Kh2 Qa2 35. Kg1 Qa1+ 36. Kh2 Qa2 37. a5 Qxf2 38. a6 Qe3 39. Qa4 Qa7 40. Qb5 Qc7+ 41. Kh1 Qc1+ 42. Kh2 Qc7+ 43. Kg1 Qc1+ 44.
Kf2 Qc2+ 45. Qe2 Qc7 46. g3 Bf8 47. Kg2 Bc5 48. Qc2 Qd6 49. Qe2 Bb6 50. h4 Qc5 51. h5 Ba7 52. hxg6+ Kxg6 53. Qe4+ Kg7 54. Qe5+ Qxe5 55.
Nxe5 Kf6 56. Nc6 Bb6 57. a7 Bxa7 58. Nxa7 Kg5 59. Kh3 h5 60. Nc6 h4 61. gxh4+ Kg6 62. Nd4 Kf6 63. Kg4 Kg7 64. Kg5 Kh7 65. h5 Kg7 66. Nf5+ Kh7 67. h6 Kg8 68. Kg6 Kh8 69.
Nd6 Kg8 70. h7+ Kf8 71. h8=Q+ 1-0

[Event "*** Titled Tuesday Blitz"]
[Site "Chess.com"]
[Date "2021.04.06"]
[Round "10"]
[White "Korchmar_Vasiliy"]
[Black "AldokhinIvan"]
[Result "0-1"]
[WhiteElo "2663"]
[BlackElo "2551"]
[TimeControl "180+1"]
[EndTime "11:57:52 PDT"]
[Termination "AldokhinIvan won by resignation"]

1. d4 Nf6 2. Nf3 g6 3. Bg5 Bg7 4. Nbd2 d6 5. e3 b6 6. Bd3 Bb7 7. O-O Nbd7 8. a4 a6 9. c3 O-O 10. e4 e5 11. Re1 h6 12. Bh4 g5 13. Bg3 Nh5 14. Nc4 Nf4 15. Bf1 Qe7 16. d5 f5 17.
exf5 Nxd5 18. Nd4 Rfe8 19. Ne6 Nc5 20. Nxc5 bxc5 21. Qb3 Rab8 22. Ne3 c6 23. Bc4 Qf7 24. Rad1 Kh8 25. Re2 Ba8 26. Qa2 Qf6 27. Nxd5 cxd5 28.
Bxd5 Bxd5 29. Qxd5 Qxf5 30. Qxd6 h5 31. h4 gxh4 32. Bxh4 Qg4 33. Re3 Qxh4 34. Qg6 Qg4 35. Qd3 Rbd8 36. Qxd8 Rxd8 37. Rxd8+ Kh7 38. Rg3 Qf5 39.
Rb8 Bf6 40. Rb7+ Kh6 41. Rb6 e4 42. Rxa6 h4 43. Rg8 e3 44. fxe3 Qe5 45. Kf2 Qf5+ 46. Kg1 Qe5 47. Kf2 Qf5+ 48. Ke2 Qb1 49. Rxf6+ Kh5 50.
Rd6 Qc2+ 51. Rd2 Qe4 52. Rh8+ Kg6 53. Rg8+ Kf7 54. Rg5 Kf6 55. Rg8 Qc4+ 56. Ke1 Qxg8 57. a5 Qg3+ 58. Kd1 Qxe3 59. a6 Qe4 60. Rd6+ Ke5 61. Rb6 Qd3+ 62. Kc1 Qf1+ 63. Kc2 Qxg2+ 64. Kb1 h3 65. a7 h2 66. Rb8 h1=Q+ 67. Ka2 Qa8 0-1

[Event "*** Titled Tuesday Blitz"]
[Site "Chess.com"]
[Date "2021.04.06"]
[Round "10"]
[White "Nicolas_Chess10"]
[Black "tteshan"]
[Result "1-0"]
[WhiteElo "2437"]
[BlackElo "2305"]
[TimeControl "180+1"]
[EndTime "11:57:53 PDT"]
[Termination "Nicolas_Chess10 won by resignation"]

1. d4 g6 2. c4 Bg7 3. e4 c5 4.
d5 d6 5. Nc3 Nf6 6. Bd3 Nbd7 7.
Nge2 Ne5 8. O-O Nxd3 9. Qxd3 Nd7 10. f4 O-O 11. Be3 Qe8 12. Ng3 a6 13. e5 dxe5 14. f5 b5 15. cxb5 axb5 16. Nxb5 Ba6 17. a4 Nb6 18. Bxc5 Nxa4 19. Rxa4 Bxb5 20. Rxa8 Bxd3 21.
Rxe8 Rxe8 22. Rf2 Ra8 23. fxg6 Ra1+ 24. Nf1 hxg6 25. Bxe7 e4 26. Bc5 f5 27. b4 Rc1 28. d6 Bb5 29. g3 Bh6 30. Kg2 Re1 31. Ra2 Bxf1+ 32. Kf2 Rd1 33. Ra8+ Kf7 34. d7 e3+ 35.
Bxe3 Bxe3+ 36. Kxe3 Rxd7 37. Ra2 Rb7 38. Rb2 Bc4 39.
h4 Ke6 40. Kd4 Bf1 41. Kc5 Rb5+ 42. Kd4 Rd5+ 43. Ke3 Rb5 44. Kf4 Bc4 45. Kg5 Kf7 46. Rb1 Be6 47. Rc1 Rxb4 48. Rc7+ Ke8 49. Kxg6 Rg4+ 50.
Kf6 Bd7 51. Rc5 Rxg3 52. h5 Rh3 53. Kg6 Rg3+ 54. Kf6 f4 55. Re5+ Kd8 56. h6 f3 57. Re1 f2 58. Rf1 Rg2 59. h7 Rh2 60. Kg7 Rg2+ 61. Kh6 Rh2+ 62. Kg7 Bb5 63. Rxf2 Rxf2 64.
h8=Q+ Be8 65. Qh4+ Kc8 66. Qxf2 Bd7 67. Qd4 Bc6 68. Kf6 Kb7 69. Ke5 Bb5 70. Kd6 Bc6 71. Qc5 Be8 72. Qc7+ Ka6 73. Qc8+ Kb5 74. Qxe8+ Ka5 75.
Qe5+ Kb4 76. Qc5+ 1-0

[Event "*** Titled Tuesday Blitz"]
[Site "Chess.com"]
[Date "2021.04.06"]
[Round "10"]
[White "louis198"]
[Black "VinzentSpitzl"]
[Result "0-1"]
[WhiteElo "2542"]
[BlackElo "2438"]
[TimeControl "180+1"]
[EndTime "11:57:54 PDT"]
[Termination "VinzentSpitzl won by resignation"]

1. d4 Nf6 2. c4 g6 3. Nc3 d6 4.
e4 Bg7 5. Nf3 O-O 6. Be2 Nbd7 7.
O-O e5 8. dxe5 Nxe5 9. Nxe5 dxe5 10. Qc2 c6 11. Rd1 Qc7 12. Be3 Be6 13. Rd2 Rfd8 14.
Rad1 Rxd2 15. Qxd2 Bf8 16. a3 Be7 17. Qc2 Rd8 18.
Rxd8+ Qxd8 19. Bxa7 b6 20. Qa4 Bc5 21. Qxc6 Qd4 22. Nd1 Nxe4 23. Kf1 Nxf2 24. Qa8+ Kg7 25. Qf3 Nxd1 26. Bxd1 Bxc4+ 27. Ke1 e4 28. Qc3 Qxc3+ 29. bxc3 Bxa3 30. Bxb6 f5 31. Bd4+ Kf7 32. Be5 Ke6 33.
Bd4 Bd6 34. g3 g5 35. Kf2 Be5 36. Ke3 Kd5 37. Ba7 f4+ 38. gxf4 gxf4+ 39. Kd2 e3+ 40.
Bxe3 fxe3+ 41. Kxe3 Bxh2 42. Bc2 h6 43. Bd3 Bb3 44.
c4+ Kc5 45. Kf3 Bd1+ 46. Be2 Ba4 47. Kg4 Be8 48. Kh4 Bf4 49. Kg4 Bg5 50. Bf1 Kd4 51. Be2 Ke3 52. Bd1 Bf4 53. Bc2 h5+ 54. Kh4 Be5 55. Bd1 Bf6+ 56. Kh3 h4 57. Bg4 Kd4 58. Be6 Bc6 59. Kg4 Ba4 60. Kh3 Bd1 61. Bd5 Bc2 62.
Be6 Be4 63. Bd5 Bf5+ 64. Kg2 Be5 65. Kh1 Ke3 66. Kg2 h3+ 67. Kh1 Kf2 68. c5 Bc8 69. c6 Bf4 70. Be4 Kg3 71. Kg1 Bc7 72. Kf1 Ba6+ 73. Ke1 Bb6 74. Bh1 Kh2 75. Bd5 Kg1 76. Kd2 Bf1 77. c7 Bxc7 78. Ke3 Bg2 0-1

[Event "*** Titled Tuesday Blitz"]
[Site "Chess.com"]
[Date "2021.04.06"]
[Round "10"]
[White "Sam_ChessMood"]
[Black "scarabee43"]
[Result "1/2-1/2"]
[WhiteElo "2876"]
[BlackElo "2656"]
[TimeControl "180+1"]
[EndTime "11:57:57 PDT"]
[Termination "Game drawn - insufficient material"]

1. d4 Nf6 2. c4 e6 3. Nf3 d5 4.
Nc3 dxc4 5. e4 Bb4 6. Bxc4 Nxe4 7. O-O Nf6 8. Qa4+ Nc6 9. Ne5 Be7 10. Nxc6 bxc6 11.
Qxc6+ Bd7 12. Qf3 O-O 13. Bf4 Bd6 14. Be5 Rb8 15. b3 Qe7 16. Rad1 Rfd8 17. Rfe1 Bxe5 18. dxe5 Ne8 19. h3 c5 20. Rd3 Nc7 21. Red1 Be8 22. Rd6 a6 23. Qe3 Nb5 24. Bxb5 axb5 25. Qxc5 Rdc8 26. Qb4 Qg5 27. Qd4 Qf5 28. Ne4 h6 29. Ng3 Qg6 30. Qe4 Qxe4 31. Nxe4 Bc6 32. Nc5 Bd5 33.
Na6 Ra8 34. Nb4 Be4 35. f3 Bg6 36. Kf2 Kh7 37. g4 Rc3 38. R1d2 Rac8 39. Rd8 R8c5 40. Re2 h5 41. Rd4 Rc8 42. Kg3 Rc1 43. Red2 Rg1+ 44. Rg2 Rf1 45. Rf2 Rg1+ 46. Kf4 Re1 47. Rfd2 f6 48.
Rd8 fxe5+ 49. Kg5 Rxd8 50. Rxd8 hxg4 51. hxg4 e4 52. fxe4 Rxe4 53. Nc6 Re1 54. a4 bxa4 55.
bxa4 Ra1 56. Ne5 Rxa4 57. Nxg6 Ra5+ 58. Kf4 Kxg6 59. Rf8 Ra4+ 60. Ke5 Rxg4 61. Kxe6 Kg5 62. Rg8 g6 63. Ke5 Kh4 64. Rh8+ Kg3 65. Kf6 g5 66. Ra8 Kh3 67. Ra3+ Kh4 68. Ra8 Rg1 69. Rh8+ Kg4 70. Ra8 Rf1+ 71. Kg6 Kh4 72. Rh8+ Kg4 73. Ra8 Rf4 74.
Ra5 Kh4 75. Rxg5 Rg4 76. Rxg4+ Kxg4 1/2-1/2

[Event "*** Titled Tuesday Blitz"]
[Site "Chess.com"]
[Date "2021.04.06"]
[Round "10"]
[White "ErikRonka"]
[Black "MaevskiyNikolay"]
[Result "0-1"]
[WhiteElo "2458"]
[BlackElo "2570"]
[TimeControl "180+1"]
[EndTime "11:57:58 PDT"]
[Termination "MaevskiyNikolay won by checkmate"]

1. d4 d5 2. c4 Nc6 3. Nc3 dxc4 4. d5 Ne5 5. Qd4 Ng6 6. Nf3 e6 7. e4 exd5 8. Qxd5 Qxd5 9. Nxd5 Bd6 10. Bxc4 c6 11. Nc3 Bg4 12. Ng5 Ne5 13. Be2 Bxe2 14. Kxe2 h6 15. Nf3 O-O-O 16. Be3 Nc4 17. Bxa7 Nxb2 18.
Rab1 Nc4 19. Rhc1 Na3 20. Rb3 f6 21. Na4 Kd7 22. Bb6 Re8 23. Bc5 Nb5 24. Bxd6 Rxe4+ 25. Kf1 Rxa4 26. Bc5 Ne7 27. Rd1+ Nd5 28. g3 Ke6 29.
Nh4 Rxa2 30. Re1+ Kf7 31. Rf3 Re8 32. Rd1 Re4 33. Nf5 Rc4 34. Be3 Rcc2 35. Bd4 h5 36. h4 Rd2 37. Rxd2 Rxd2 38. Bc5 Rc2 39. Bb6 Rc1+ 40. Kg2 g6 41. Nh6+ Kg7 42. Be3 Nxe3+ 43. Rxe3 Kxh6 44. Re7 Nd6 45. Rd7 Rd1 46. f3 Rd2+ 47. Kh3 Rd5 48. g4 hxg4+ 49. fxg4 g5 50. h5 Rd3+ 51. Kh2 Rd4 52. Rd8 f5 53. Rh8+ Kg7 54.
Rd8 fxg4 55. Kg2 Kh6 56. Rh8+ Kg7 57. Rd8 c5 58. Rd7+ Kh6 59. Kg1 Kxh5 60. Rc7 b6 61.
Rh7+ Kg6 62. Rh8 c4 63. Rg8+ Kf5 64. Rd8 c3 65. Rf8+ Ke4 66. Kg2 c2 67. Rf1 Rd1 68. Rf6 c1=Q 69. Re6+ Kf5 70. Re3 Rg1+ 71. Kh2 Qd2+ 72.
Re2 Qxe2+ 73. Kxg1 Ne4 74. Kh1 Nd2 75. Kg1 Nf3+ 76. Kh1 Qh2# 0-1

[Event "*** Titled Tuesday Blitz"]
[Site "Chess.com"]
[Date "2021.04.06"]
[Round "10"]
[White "GigaQuparadze"]
[Black "AlexPapasimakopoulos"]
[Result "1/2-1/2"]
[WhiteElo "2846"]
[BlackElo "2647"]
[TimeControl "180+1"]
[EndTime "11:58:14 PDT"]
[Termination "Game drawn - insufficient material"]

1. e4 e6 2. d4 d5 3. Nd2 Nf6 4.
Bd3 c5 5. e5 Nfd7 6. c3 Nc6 7.
Ne2 cxd4 8. cxd4 f6 9. exf6 Nxf6 10. Nf3 Bd6 11. O-O Qc7 12. Bg5 O-O 13. Bh4 Nh5 14. Bg3 Nxg3 15. hxg3 Bd7 16. Rc1 Rf6 17. Bb1 Be8 18.
Qd3 Bg6 19. Qe3 Bxb1 20. Rxb1 Qf7 21. Ng5 Qh5 22. f4 Raf8 23. Nf3 Ne7 24. Kf2 Nf5 25. Qd2 Nh6 26. Rh1 Qg6 27. Rbe1 Ng4+ 28. Kg1 Rc8 29. Nc3 Bb4 30. Rh3 Bxc3 31. bxc3 h6 32. Ne5 Nxe5 33. Rxe5 Qb1+ 34. Re1 Qb6 35. g4 Qc7 36. g5 Qxf4 37. Qxf4 Rxf4 38. Rxe6 hxg5 39. Rd6 g4 40. Rg3 Rf5 41. Rg6 Rf6 42. R6xg4 Rc7 43. Rg5 Rd6 44. Re5 Kf7 45. Rf3+ Kg8 46. Kf2 Rdc6 47. Re8+ Kh7 48. Ree3 Ra6 49. Re2 Ra3 50. Rc2 b5 51. Ke2 b4 52. Kd2 Rc4 53. Rd3 bxc3+ 54.
Ke2 Raa4 55. Rdxc3 Rxc3 56. Rxc3 Rxa2+ 57. Ke3 Rxg2 58. Rc5 Rg5 59. Kf4 Kh6 60. Ra5 g6 61. Rxa7 Rf5+ 62. Kg4 Rg5+ 63. Kf4 Rh5 64. Rd7 Rg5 65. Rf7 Rh5 66.
Rf8 Kg7 67. Rd8 Rf5+ 68. Kg4 Kf7 69. Rd6 Kg7 70. Rd7+ Kh6 71. Rd6 Rg5+ 72. Kf4 Rf5+ 73. Kg4 Rh5 74. Rd7 Rf5 75. Rd8 Kg7 76. Rd7+ Kf6 77.
Rd6+ Kf7 78. Rc6 Rh5 79. Rd6 Rf5 80. Kg3 g5 81. Kg4 Rf4+ 82. Kxg5 Rxd4 83. Kf5 Ke7 84.
Ke5 Rd1 85. Re6+ Kd7 86. Rd6+ Ke7 87. Rxd5 Re1+ 88. Kd4 Rd1+ 89. Kc5 Rxd5+ 90. Kxd5 1/2-1/2

[Event "*** Titled Tuesday Blitz"]
[Site "Chess.com"]
[Date "2021.04.06"]
[Round "10"]
[White "PavelChernomordik"]
[Black "BvsN"]
[Result "1/2-1/2"]
[WhiteElo "2335"]
[BlackElo "2446"]
[TimeControl "180+1"]
[EndTime "11:58:32 PDT"]
[Termination "Game drawn - timeout vs insufficient material"]

1. e4 c5 2. Nc3 e6 3. f4 d5 4. Nf3 dxe4 5. Bb5+ Bd7 6. Bxd7+ Nxd7 7. Nxe4 Ngf6 8. Qe2 Be7 9. f5 exf5 10. Nd6+ Kf8 11. Nxf5 g6 12. Ne3 Kg7 13. b3 Re8 14. Bb2 Kg8 15.
O-O Bd6 16. Qd3 Bf8 17. Ng5 Bg7 18. Qc4 Rf8 19. Qh4 h6 20. Nf3 Nh5 21. Qxd8 Raxd8 22. Bxg7 Kxg7 23. d3 Nhf6 24. Rae1 Rfe8 25. Nc4 Rxe1 26.
Rxe1 Re8 27. Nd6 Rxe1+ 28. Nxe1 b6 29. Nc8 a6 30. Nf3 Nd5 31. a3 Kf6 32. Kf2 Ke6 33. g3 b5 34. c4 bxc4 35. dxc4 N5f6 36. h3 Nb8 37. Ke3 Kd7 38. Nb6+ Kc6 39. Na4 Nbd7 40. Nc3 Kd6 41. Nd2 Ke6 42. Nde4 Nxe4 43. Kxe4 f5+ 44. Kf4 g5+ 45. Kf3 Ke5 46. Ne2 Nf8 47.
b4 cxb4 48. axb4 Ne6 49. Ke3 f4+ 50. gxf4+ gxf4+ 51. Kf3 Kf5 52. h4 h5 53. c5 Ke5 54.
c6 Kd6 55. Nxf4 Nd4+ 56. Ke4 Nxc6 57. Nd3 Ke6 58. Nc5+ Kf6 59. Nxa6 Na7 60. Nc7 Ke7 61. b5 Kd7 62. b6 Nc8 63. Nd5 Nd6+ 64. Ke5 Nc4+ 65.
Kd4 Nd6 66. Nf6+ Kc6 67. Nxh5 Kxb6 68. Ke5 Kc6 69. Nf4 Kd7 70. Kf6 Ne4+ 71. Kg6 Ke7 72.
h5 Kf8 73. h6 Kg8 74. Nd5 Ng3 75. Ne7+ Kh8 76. Nd5 Ne2 77. Ne3 Nf4+ 78. Kg5 Kh7 79. Ng4 Ne6+ 80. Kh5 Nf8 81. Nf6+ Kh8 82. Kg5 Ne6+ 83.
Kg6 Nf8+ 84. Kf7 Nh7 85. Nxh7 Kxh7 1/2-1/2

[Event "*** Titled Tuesday Blitz"]
[Site "Chess.com"]
[Date "2021.04.06"]
[Round "10"]
[White "secretsuperstar7"]
[Black "Romadk"]
[Result "1-0"]
[WhiteElo "2211"]
[BlackElo "2324"]
[TimeControl "180+1"]
[EndTime "11:58:44 PDT"]
[Termination "secretsuperstar7 won by checkmate"]

1. d4 Nf6 2. c4 e6 3. Nc3 Bb4 4. e3 O-O 5. Nf3 Ne4 6. Qc2 f5 7. Bd3 Bxc3+ 8. bxc3 Nf6 9. O-O b6 10. Nd2 Bb7 11. e4 fxe4 12. Nxe4 Ng4 13. h3 Nh6 14. Bxh6 gxh6 15. Ng3 Qe7 16. Rae1 Nc6 17. Qe2 Qg5 18. Qc2 Rf7 19. Re4 Kh8 20. Rg4 Qe7 21.
Qd2 Qf8 22. f4 Ne7 23. Qe3 d6 24. d5 Bxd5 25. cxd5 Nxd5 26. Qd4+ Nf6 27. Nh5 Re8 28. Nxf6 Rxf6 29. Qe4 Qf7 30. Bc2 Re7 31. Rg3 e5 32. Rgf3 d5 33. Qe2 e4 34. Re3 Rxf4 35. Rxf4 Qxf4 36.
Qf2 Rf7 37. Qxf4 Rxf4 38. g3 Rf7 39. Kg2 c6 40. Re2 Re7 41. Kf2 Kg7 42. Ke3 Kf6 43.
Kd4 Ke6 44. Rf2 Rg7 45. g4 Kd6 46. Bb3 c5+ 47. Ke3 Rg5 48. Rf6+ Ke5 49. Rxh6 d4+ 50.
cxd4+ cxd4+ 51. Ke2 e3 52. Re6+ Kf4 53. Rd6 Kg3 54.
Rxd4 Kxh3 55. Kxe3 h5 56. gxh5 Rxh5 57. Be6+ Kg2 58. Ke4 Rc5 59. Bf5 Ra5 60. Be6 Ra3 61.
Bb3 a5 62. Rd2+ Kg3 63. Rd3+ Kf2 64. Rd6 a4 65. Be6 b5 66. Rb6 Re3+ 67. Kf5 Rf3+ 68. Ke5 Re3+ 69. Kd6 Rd3+ 70. Bd5 a3 71. Rxb5 Rd2 72.
Ra5 Rb2 73. Rxa3 Rb6+ 74. Kc5 Rb8 75. Rc3 Rc8+ 76. Bc6 Rd8 77. Rc2+ Ke3 78. a4 Kd3 79. Rb2 Kc3 80. Rb6 Rh8 81. a5 Rh5+ 82. Bd5 Rh8 83. a6 Rh7 84. Rb7 Rh6 85. a7 Ra6 86. Rc7 Ra5+ 87. Kb6+ Kd4 88. Kxa5 Kxd5 89. a8=Q+ Kd6 90. Qd8+ Ke6 91. Re7+ Kf6 92. Qf8+ Kg6 93. Rg7+ Kh6 94. Qh8# 1-0

[Event "*** Titled Tuesday Blitz"]
[Site "Chess.com"]
[Date "2021.04.06"]
[Round "10"]
[White "Koalaskakistis"]
[Black "Abund"]
[Result "1/2-1/2"]
[WhiteElo "2594"]
[BlackElo "2727"]
[TimeControl "180+1"]
[EndTime "11:59:52 PDT"]
[Termination "Game drawn - insufficient material"]

1. Nf3 Nf6 2. g3 g6 3. Bg2 Bg7 4. O-O O-O 5. c4 c6 6. Nc3 d5 7. cxd5 cxd5 8. d4 Ne4 9. Bf4 Bf5 10. Rc1 Nc6 11. Ne5 Nxc3 12. Rxc3 Nxe5 13. Bxe5 Bxe5 14.
dxe5 Be6 15. Qd4 Qa5 16. a3 Rac8 17. Rfc1 Rc4 18. Rxc4 dxc4 19. Bxb7 Rd8 20. Qc3 Qxc3 21. Rxc3 Rd2 22. Ba6 Bh3 23. Rc1 Rxe2 24. Bxc4 Rxb2 25.
Bf1 Bf5 26. h3 Ra2 27. Rc3 Ra1 28. Kg2 Be4+ 29. f3 Ra2+ 30. Kg1 Bd5 31. Bc4 Bxc4 32. Rxc4 Rxa3 33. Kf2 h5 34. Rc7 Kf8 35. Rc8+ Kg7 36.
Rc7 e6 37. g4 hxg4 38. hxg4 g5 39. Kg3 Ra5 40. Rb7 Kg6 41. Rc7 Ra3 42. Rb7 Ra1 43.
Kf2 a5 44. Ra7 a4 45. Kg3 a3 46. Kg2 a2 47. Kh2 Kg7 48. Kg2 Kf8 49. Kh2 Ke8 50.
Kg2 Kd8 51. Kh2 Kc8 52. Kg2 Kb8 53. Ra3 Kb7 54. Ra4 Kc7 55. Ra6 Kb7 56. Ra3 Kb6 57.
Ra4 Kc5 58. Ra5+ Kb4 59. Ra8 Kc4 60. Ra4+ Kd5 61. Ra5+ Kd4 62. Kh2 Ke3 63. Kg2 Kf4 64.
Ra4+ Kxe5 65. Ra5+ Kf4 66. Ra4+ Ke3 67. Re4+ Kd3 68. Ra4 f5 69. gxf5 exf5 70. Ra5 Ke3 71. Ra3+ Kf4 72. Ra4+ Ke5 73. Ra5+ Kf6 74. Ra4 Kg6 75.
Ra6+ Kh5 76. Ra5 Kh4 77. Ra4+ f4 78. Ra8 Kh5 79. Ra5 Kg6 80. Ra6+ Kf5 81. Ra5+ Ke6 82. Ra6+ Kd5 83. Ra5+ Kd4 84. Ra4+ Kd3 85. Ra3+ Kc4 86. Ra8 Kd5 87. Ra5+ Ke6 88. Ra6+ Kd7 89. Ra7+ Ke8 90. Ra8+ Kf7 91. Ra7+ Kg6 92. Ra6+ Kh5 93. Ra5 Kh6 94.
Ra6+ Kg7 95. Ra7+ Kf8 96. Ra8+ Ke7 97. Ra7+ Kd6 98. Ra6+ Kc5 99. Ra5+ Kb4 100. Ra8 g4 101. fxg4 f3+ 102. Kxf3 Rf1+ 103. Ke4 a1=Q 104. Rxa1 Rxa1 105. g5 Ra5 106. Kf4 Kc4 107. g6 Kd5 108. g7 Ra8 109. Kf5 Kd6 110. Kf6 Rb8 111. Kf7 Rb7+ 112. Kf6 Rb8 113. Kf7 Ra8 114. g8=Q Rxg8 115. Kxg8 1/2-1/2

[Event "*** Titled Tuesday Blitz"]
[Site "Chess.com"]
[Date "2021.04.06"]
[Round "11"]
[White "Romadk"]
[Black "Vandros57"]
[Result "1/2-1/2"]
[WhiteElo "2321"]
[BlackElo "2205"]
[TimeControl "180+1"]
[EndTime "12:01:39 PDT"]
[Termination "Game drawn by agreement"]

1. d4 Nf6 2. Nf3 e6 3. g3 b5 4. Bg2 Bb7 5. O-O Be7 6. Bg5 O-O 7. Qd3 a6 8. a4 b4 9. c4 Be4 10. Qd2 d5 11. Ne5 1/2-1/2

[Event "*** Titled Tuesday Blitz"]
[Site "Chess.com"]
[Date "2021.04.06"]
[Round "11"]
[White "klimkoj"]
[Black "Lion-Al-Messi"]
[Result "1-0"]
[WhiteElo "2615"]
[BlackElo "2502"]
[TimeControl "180+1"]
[EndTime "12:02:28 PDT"]
[Termination "klimkoj won by resignation"]

1. e4 b6 2. d4 Bb7 3. Nc3 e6 4.
Nf3 Bb4 5. Bd3 Nf6 6. Qe2 d5 7. exd5 Qxd5 8. O-O Bxc3 9. bxc3 Qh5 10. Ne5 Qxe2 11.
Bxe2 O-O 12. f3 Nbd7 13. Nxd7 Nxd7 14. Bf4 c5 15. Bb5 Nf6 16. dxc5 bxc5 17. c4 Rad8 18. Rad1 a6 19. Ba4 h6 20. Bd6 Rxd6 21. Rxd6 1-0

[Event "*** Titled Tuesday Blitz"]
[Site "Chess.com"]
[Date "2021.04.06"]
[Round "11"]
[White "scarabee43"]
[Black "Sanan_Sjugirov"]
[Result "0-1"]
[WhiteElo "2652"]
[BlackElo "2878"]
[TimeControl "180+1"]
[EndTime "12:02:40 PDT"]
[Termination "Sanan_Sjugirov won by checkmate"]

1. d4 Nf6 2. c4 c5 3. d5 e6 4. Nc3 exd5 5. cxd5 d6 6. e4 g6 7. Nf3 Bg7 8. Be2 O-O 9. O-O Re8 10.
Nd2 Nbd7 11. a4 Ne5 12. f4 Neg4 13. Nc4 Nxe4 14. Bxg4 Bd4+ 15. Kh1 Bxg4 16. Qd3 Nxc3 17. bxc3 Be2 18. Qh3 Bxf1 19. cxd4 Bxc4 20. Bb2 Re2 21. Bc3 Bxd5 22. Rg1 c4 23. f5 Qg5 24. fxg6 hxg6 25.
Bb4 Rae8 26. Bxd6 Rxg2 27. Rxg2 Re1# 0-1

[Event "*** Titled Tuesday Blitz"]
[Site "Chess.com"]
[Date "2021.04.06"]
[Round "11"]
[White "MalyDominator"]
[Black "EfrenRamos1"]
[Result "1-0"]
[WhiteElo "2487"]
[BlackElo "2320"]
[TimeControl "180+1"]
[EndTime "12:02:48 PDT"]
[Termination "MalyDominator won by resignation"]

1. e4 c6 2. d4 d5 3. Nc3 dxe4 4.
Nxe4 Nf6 5. Nxf6+ exf6 6. c3 Bd6 7. Bd3 O-O 8. Qc2 Re8+ 9. Ne2 h5 10. Be3 Bg4 11. O-O-O Qa5 12. Kb1 b5 13. h3 Be6 14. b3 Nd7 15. Nf4 Bxf4 16. Bxf4 Qb6 17. g4 a5 18. gxh5 b4 19. c4 Qxd4 20. Bh7+ 1-0

[Event "*** Titled Tuesday Blitz"]
[Site "Chess.com"]
[Date "2021.04.06"]
[Round "11"]
[White "laskerisalive"]
[Black "Willhaven3"]
[Result "0-1"]
[WhiteElo "2351"]
[BlackElo "2499"]
[TimeControl "180+1"]
[EndTime "12:02:58 PDT"]
[Termination "Willhaven3 won by resignation"]

1. e4 c5 2. Nc3 Nc6 3. Nge2 d6 4.
d4 cxd4 5. Nxd4 Nf6 6. Be2 e5 7. Nb3 Be7 8. O-O O-O 9. f4 a5 10. a4 Nb4 11. Kh1 Be6 12. f5 Bd7 13. Bb5 Bc6 14. Qe2 h6 15. Bxc6 bxc6 16. Nd1 Qb6 17. Ne3 d5 18. exd5 cxd5 19. Ng4 Nxg4 20. Qxg4 Nxc2 0-1

[Event "*** Titled Tuesday Blitz"]
[Site "Chess.com"]
[Date "2021.04.06"]
[Round "11"]
[White "ybruned"]
[Black "kubal123"]
[Result "1/2-1/2"]
[WhiteElo "2339"]
[BlackElo "2233"]
[TimeControl "180+1"]
[EndTime "12:03:08 PDT"]
[Termination "Game drawn by agreement"]

1. b3 e6 2. Bb2 d5 3. e3 Nf6 4. d4 Be7 5. Nf3 O-O 6. Be2 c5 7. O-O Nc6 8. Nbd2 cxd4 9. Nxd4 Bd7 10. c4 Nxd4 11. Bxd4 Bc6 12. Bf3 Rc8 13. Qb1 dxc4 14. Bxc6 Rxc6 15. Nxc4 Qd5 16. Qb2 Rfc8 17. Rac1 a6 18.
Ne5 Rxc1 19. Rxc1 Qd8 20. h3 Ne8 21. Rxc8 Qxc8 22. Qc3 Qxc3 23. Bxc3 1/2-1/2

[Event "*** Titled Tuesday Blitz"]
[Site "Chess.com"]
[Date "2021.04.06"]
[Round "11"]
[White "OlifantCZ"]
[Black "MustafayevFarid2004"]
[Result "1-0"]
[WhiteElo "2301"]
[BlackElo "2421"]
[TimeControl "180+1"]
[EndTime "12:03:22 PDT"]
[Termination "OlifantCZ won by resignation"]

1. c4 Nf6 2. g3 e6 3. Bg2 d5 4.
Nf3 c5 5. O-O Nc6 6. b3 Be7 7.
e3 O-O 8. Bb2 b6 9. Nc3 Bb7 10.
cxd5 exd5 11. d4 Rc8 12. Ne5 Nxe5 13. dxe5 Ne4 14. Nxe4 dxe4 15. Qc2 Qd5 16. Rad1 Qc6 17. Rd2 c4 18. bxc4 Qxc4 19. Qxc4 Rxc4 20. Rd7 Ba6 21. Rxe7 Rb4 22. Bd4 Bxf1 23. Bxf1 Ra4 24. Kg2 Ra5 25.
Bc4 1-0

[Event "*** Titled Tuesday Blitz"]
[Site "Chess.com"]
[Date "2021.04.06"]
[Round "11"]
[White "Louis64"]
[Black "reniite"]
[Result "0-1"]
[WhiteElo "2238"]
[BlackElo "2071"]
[TimeControl "180+1"]
[EndTime "12:03:23 PDT"]
[Termination "reniite won by resignation"]

1. e4 e5 2. Nf3 Nc6 3. d4 exd4 4. Nxd4 Nf6 5. Nc3 Bb4 6. Nxc6 bxc6 7. Bd3 d5 8. exd5 cxd5 9. O-O O-O 10. h3 c6 11. Qf3 Rb8 12. Bf4 Bd6 13. b3 Qc7 14. Ne2 c5 15. Rad1 Bb7 16. Bxd6 Qxd6 17. Qf5 Rfe8 18.
Nf4 Re5 19. Rfe1 Rxf5 20. Bxf5 Qxf4 0-1

[Event "*** Titled Tuesday Blitz"]
[Site "Chess.com"]
[Date "2021.04.06"]
[Round "11"]
[White "profofchess"]
[Black "KubaGepard"]
[Result "1-0"]
[WhiteElo "2512"]
[BlackElo "2386"]
[TimeControl "180+1"]
[EndTime "12:03:32 PDT"]
[Termination "profofchess won by resignation"]

1. e4 e5 2. Nf3 Nc6 3. Nc3 Nf6 4. Bb5 Bd6 5. d3 a6 6. Ba4 h6 7. a3 b5 8. Bb3 Bb7 9. g4 Nd4 10. Ba2 Nxg4 11. Rg1 Qf6 12. Rg3 Bc5 13. Be3 Qh4 14. Nxh4 1-0